 Dungeon Crawl Stone Soup version 0.26.1-11-gd32895ea62 (webtiles) character file.

Game seed: 199851994313976458

1596 bnorton916 the Shield-Bearer (level 9, -9/72 HPs)
             Began as a Formicid Fighter on June 21, 2021.
             Mangled by a wyvern (12 damage)
             ... on level 8 of the Dungeon.
             The game lasted 00:09:26 (5760 turns).

bnorton916 the Shield-Bearer (Formicid Fighter)     Turns: 5760, Time: 00:09:27

Health: -9/72      AC:  5    Str: 23    XL:     9   Next: 15%
Magic:  9/9        EV: 10    Int:  9    God:
Gold:   138        SH: 12    Dex: 16    Spells: 8/8 levels left

rFire    . . .     SeeInvis +   q - +1 hand axe (flame)
rCold    . . .     Faith    .   c - +0 kite shield
rNeg     + . .     Spirit   .   k - +0 leather armour of Apathy {rN+ Regen+} (curse)
rPois    +         Reflect  .   (helmet unavailable)
rElec    .         Harm     .   d - +0 cloak {Stlth+}
rCorr    .         Rampage  .   (no gloves)
Will     .....                  (no boots)
Stlth    +.........             (no amulet)
HPRegen  0.62/turn              g - +6 ring of dexterity
MPRegen  0.11/turn              j - ring of poison resistance

@: no status effects
A: permanent stasis, dig shafts and tunnels, four strong arms, antennae 3
a: Dig, Shaft Self


You were on level 8 of the Dungeon.
You visited 2 branches of the dungeon, and saw 9 of its levels.

You collected 312 gold pieces.
You spent 174 gold pieces at shops.

Inventory:

Hand Weapons
 a - a +1 war axe
 q - a +1 hand axe of flaming (weapon)
Missiles
 r - 4 atropa-tipped darts
Armour
 b - a +0 scale mail
 c - a +0 kite shield (worn)
 d - a +0 cloak of stealth (worn)
 k - the cursed +0 leather armour of Apathy (worn) {rN+ Regen+}
   (You found it on level 6 of the Dungeon)

   It protects you from negative energy.
   It increases your rate of regeneration.
   It has a curse placed upon it.
Jewellery
 g - a +6 ring of dexterity (left hand)
 j - a ring of poison resistance (right hand)
Wands
 n - a wand of acid (7)
Scrolls
 e - 4 scrolls of remove curse
 h - a scroll of amnesia
 l - a scroll of holy word {unknown}
 m - a scroll of identify
Potions
 f - a potion of degeneration
 i - a potion of curing
 o - a potion of attraction
 p - a potion of lignification
 s - a potion of berserk rage {unknown}
 t - 2 potions of flight


   Skills:
 + Level 7.1 Fighting
 + Level 6.0 Axes
 - Level 5.8 Armour
 + Level 7.8 Shields


You had 8 spell levels left.
You didn't know any spells.
Your spell library was empty.

Dungeon Overview and Level Annotations

Branches:
Dungeon (8/15)             Temple (1/1) D:7
   Lair: D:8-11

Altars:
Ashenzari
Cheibriados
Dithmenos
Fedhas
Gozag
Hepliaklqana
Kikubaaqudgha
Makhleb
Nemelex Xobeh
Okawaru
Qazlal
Ru
Sif Muna
Trog
Vehumet
Xom
Yredelemnul
Zin
The Shining One

Shops:
D:4 (   D:7 }}(!   D:8 =

Annotations:
D:3 Grinder
D:4 1 runed translucent door, Eustachio; Menkaure; bigdumb's ghost, amateur FoFi
D:6 exclusion: oklob plant


Innate Abilities, Weirdness & Mutations

You cannot be hasted, slowed, berserked, paralysed or teleported.
You can dig through walls and to a lower floor.
Your four strong arms can wield two-handed weapons with a shield.
You have a pair of large antennae on your head. (SInv)


Message History

Unknown command.
You hit the wyvern but do no damage.
The wyvern is severely wounded.
The wyvern closely misses you.
You hit the wyvern. You burn the wyvern.
The wyvern is almost dead.
The wyvern bites you!
* * * LOW HITPOINT WARNING * * *
The wyvern bites you!
* * * LOW HITPOINT WARNING * * *
You closely miss the wyvern.
The wyvern is almost dead.
You block the wyvern's attack.
You hit the wyvern. You burn the wyvern.
The wyvern is almost dead.
The wyvern barely misses you. You block the wyvern's attack.
You barely miss the wyvern.
The wyvern is almost dead.
The wyvern bites you!
You die...

### ##@# #l## ##{#
#{#################
#{{................
#.#################
#g# #{# #g#


You could see a wyvern.

Vanquished Creatures
  A hornet (D:7)
  A sky beast (D:6)
  2 phantoms
  A necrophage (D:5)
  A centaur (D:7)
  A bullfrog (D:6)
  A water moccasin skeleton (D:5)
  4 howler monkeys
  A centaur zombie (D:8)
  A jelly (D:5)
  3 hounds
  2 centaur skeletons
  2 orc priests (D:5)
  A bullfrog skeleton (D:6)
  An iguana (D:6)
  3 orc wizards
  5 worker ants
  2 worker ant zombies
  A gnoll (D:8)
  5 adders
  A shadow imp (D:5)
  3 white imps (D:5)
  An ufetubus (D:8)
  An ooze (D:4)
  An adder skeleton (D:4)
  2 worms
  A dart slug (D:1)
  2 leopard geckos
  11 orcs
  6 bats
  A giant cockroach (D:4)
  3 goblins
  4 hobgoblins
  6 jackals
  7 kobolds
  2 quokkas (D:4)
  2 ball pythons
  A frilled lizard (D:4)
  2 quokka zombies (D:7)
  2 rats (D:1)
98 creatures vanquished.

Vanquished Creatures (others)
  A phantom (D:6)
1 creature vanquished.

Grand Total: 99 creatures vanquished

Notes
Turn   | Place    | Note
-------+----------+-------------------------------------------
     0 | D:1      | bnorton916 the Formicid Fighter began the quest for the
                  | Orb.
     0 | D:1      | Reached XP level 1. HP: 18/18 MP: 1/1
   138 | D:1      | Reached XP level 2. HP: 24/24 MP: 2/2
   403 | D:1      | Reached XP level 3. HP: 28/29 MP: 3/3
  1076 | D:3      | Reached XP level 4. HP: 23/37 MP: 4/4
  1312 | D:3      | Noticed Grinder
  1326 | D:3      | You fall into a shaft and drop 1 floor!
  1335 | D:4      | Reached XP level 5. HP: 20/42 MP: 5/5
  1638 | D:4      | Found Coickyof's Weapon Shop.
  1704 | D:4      | Noticed Eustachio
  1801 | D:4      | Found a runed translucent door.
  1810 | D:4      | Reached XP level 6. HP: 49/49 MP: 6/6
  1815 | D:4      | Noticed bigdumb's ghost (amateur FoFi)
  1837 | D:4      | Noticed Menkaure
  1845 | D:5      | Entered Level 5 of the Dungeon
  1866 | D:5      | Reached skill level 5 in Shields
  2276 | D:5      | Reached XP level 7. HP: 35/55 MP: 7/7
  2644 | D:5      | Reached skill level 5 in Fighting
  2855 | D:5      | Reached skill level 5 in Armour
  3932 | D:5      | Reached XP level 8. HP: 40/64 MP: 8/8
  4313 | D:6      | Found a bloodstained altar of Trog.
  4354 | D:6      | Got a distressingly furry leather armour
  4365 | D:6      | Identified the cursed +0 leather armour of Apathy {rN+
                  | Regen+} (You found it on level 6 of the Dungeon)
  4446 | D:6      | Found a hazy altar of Hepliaklqana.
  4448 | D:6      | Noticed an oklob plant
  4503 | D:6      | Found a burning altar of Makhleb.
  4503 | D:6      | Noticed an Executioner
  4520 | D:6      | Reached skill level 5 in Axes
  4526 | D:6      | Noticed a hellwing
  4526 | D:6      | Noticed an orange demon
  4551 | D:6      | Found a sacrificial altar of Ru.
  4630 | D:7      | Noticed a hornet
  4647 | D:7      | Killed a hornet
  4797 | D:7      | Reached XP level 9. HP: 58/71 MP: 9/9
  4810 | D:7      | Found Giziraim's Antique Weapon Emporium.
  4846 | D:7      | Bought a glowing hand axe for 174 gold pieces
  5040 | D:7      | Found Neoquo's Gadget Shoppe.
  5075 | D:7      | Found a staircase to the Ecumenical Temple.
  5084 | Temple   | Entered the Ecumenical Temple
  5354 | D:7      | Found Ciulof's Distillery.
  5424 | D:7      | Found a shadowy altar of Dithmenos.
  5572 | D:7      | Found Judon's Gadget Boutique.
  5646 | D:8      | Found Xublum's Jewellery Boutique.
  5757 | D:8      | HP: 1/72 [wyvern (12)]
  5760 | D:8      | Mangled by a wyvern

Illustrated notes

Levels and vault maps discovered:
D:1:      lightli_arrival_farm, layout_loops_ring, minmay_pentomino_p2
D:2:      layout_basic, general_overflow_altar
D:3:      layout_loops_ring, ebering_ghost_inner_flame,
          chequers_serial_rivers_large_a, minmay_fractal_squares_diagonal_5,
          uniq_grinder, uniq_crazy_yiuf_cottage, uniq_ijyb
D:4:      layout_basic, ebering_ghost_sewer_d, serial_shops, shop_statue,
          minivault_24, uniq_eustachio, uniq_menkaure
D:5:      layout_layer_cave, nrook_mini_vaults
D:6:      lemuel_ice_spiral_2, layout_basic, lightli_temple_of_fire,
          makhleb_altar_promises_db, basic_altar, lemuel_oklob_altar
D:7:      layout_basic, lemuel_crystal_altar, minmay_temple_entry_large_hall,
          serial_shops, shop, shop, shop, shop_statue
D:8:      layout_basic, serial_shops, shop, amcnicky_altar_gilded, uniq_psyche
Temple:   regret_index_temple_sphere_string

Skill      XL: |  1  2  3  4  5  6  7  8  9 |
---------------+----------------------------+-----
Shields        | 4 5 6 7 |  7.8
Fighting       | 4 5 6 7 |  7.1
Armour         | 4 5 |  5.8
Axes           | 3 4 5 6 |  6.0

Action                   |  1- 3 |  4- 6 |  7- 9 || total
-------------------------+-------+-------+-------++-------
Melee: War axe           |   103 |    95 |   166 ||   364
       Hand axe          |       |       |    40 ||    40
 Abil: Dig               |     1 |     6 |     9 ||    16
       Shaft Self        |       |     1 |       ||     1
  Use: Potion            |       |     1 |     2 ||     3
       Scroll            |       |    10 |     5 ||    15
Armor: Scale mail        |    57 |    29 |    34 ||   120
       Leather armour    |       |       |    17 ||    17
Dodge: Dodged            |    55 |    31 |    74 ||   160
Block: Kite shield       |    69 |    58 |   101 ||   228
